 Dungeon Crawl Stone Soup version 0.20.1-1-g8b1a95d (webtiles) character file.

23 TheGuigne the Grave Robber (level 2, 14/19 HPs)
             Began as a Demonspawn Necromancer on Aug 11, 2017.
             Quit the game on level 1 of the Dungeon.
             The game lasted 00:03:03 (863 turns).

TheGuigne the Grave Robber (Demonspawn Necromancer)  Turns: 863, Time: 00:03:04

Health: 14/19      AC:  2    Str:  8    XL:     2   Next: 72%
Magic:  6/6        EV: 12    Int: 16    God:
Gold:   20         SH:  0    Dex: 13    Spells: 5/7 levels left

rFire    . . .     SeeInvis .   k - -3 short sword (curse)
rCold    . . .     Gourm    .   (no shield)
rNeg     . . .     Faith    .   a - +0 robe
rPois    .         Spirit   .   (no helmet)
rElec    .         Reflect  .   (no cloak)
rCorr    .         Harm     .   (no gloves)
MR       .....                  (no boots)
Stlth    ++........             (no amulet)
Regen    0.1/turn               (no ring)
MPRegen  0.1/turn               (no ring)

@: no status effects
A: sturdy frame 1
a: no special abilities


You were on level 1 of the Dungeon.
You were not hungry.

You visited 1 branch of the dungeon, and saw 1 of its levels.

You collected 20 gold pieces.

Inventory:

Hand Weapons
 k - a cursed -3 short sword (weapon)
Armour
 a - a +0 robe (worn)
Potions
 d - a potion of brilliance {unknown}
 h - a potion of lignification
 j - a potion of magic {unknown}
Books
 b - a book of Necromancy

   Spells                             Type                      Level
   a - Pain                           Necromancy                   1
   b - Animate Skeleton               Necromancy                   1
   c - Vampiric Draining              Necromancy                   3
   d - Regeneration                   Charms/Necromancy            3
   e - Animate Dead                   Necromancy                   4
   f - Control Undead                 Necromancy                   4
Comestibles
 c - 2 bread rations
 f - 2 chunks of flesh


   Skills:
 - Level 1.7 Dodging
 - Level 1.7 Stealth
 * Level 3.1 Spellcasting
 - Level 4.3 Necromancy


You had 5 spell levels left.
You knew the following spells:

 Your Spells              Type           Power        Failure   Level  Hunger
a - Pain                  Necr           ###.         3%          1    None
b - Animate Skeleton      Necr           N/A          3%          1    None


Dungeon Overview and Level Annotations

Branches:
Dungeon (1/15)

Altars:


Innate Abilities, Weirdness & Mutations

Your movements are slightly less encumbered by armour. (ER -2)


Message History

Your ball python skeleton bites the rat but does no damage.
Your ball python skeleton closely misses the rat.
You barely miss the rat. The rat closely misses you.
Your ball python skeleton bites the rat but does no damage.
Your ball python skeleton grabs the rat.
Your ball python skeleton constricts the rat.
You barely miss the rat.
The rat is heavily wounded.
The rat barely misses you.
Your ball python skeleton bites the rat but does no damage.
Your ball python skeleton constricts the rat.
The rat dies!
Things that are here:
a hand axe; a stone You start resting.
Your ball python skeleton crumbles into dust!
Magic restored.
You start resting.
A rat comes into view.
Are you sure you want to abandon this character and quit the game? (Confirm with "yes".)

#.#.#)###....#..## #####
#.#.....#......... .....
......).#.....#.## #####
#.....#....(.... ...
###.....#.......## ###
#.................
#..........###.#########
#......#...###'#.......#
#......#@†.............#
#......#...............#
#......#...............#
#......#...............#
########...###.........#
######...# ##r....>..#
#........# #........#
#......#######.#######
#......# #......#


You could see a rat (wandering).

Vanquished Creatures
  A dart slug (D:1)
  A ball python (D:1)
  5 goblins (D:1)
  5 hobgoblins (D:1)
  A jackal (D:1)
  2 bats (D:1)
  A frilled lizard (D:1)
  A kobold (D:1)
17 creatures vanquished.

Vanquished Creatures (collateral kills)
  A bat (D:1)
  A rat (D:1)
2 creatures vanquished.

Grand Total: 19 creatures vanquished

Notes
Turn   | Place    | Note
-------+----------+-------------------------------------------
     0 | D:1      | TheGuigne the Demonspawn Necromancer began the quest for the Orb.
     0 | D:1      | Reached XP level 1. HP: 13/13 MP: 3/3
   180 | D:1      | Learned a level 1 spell: Animate Skeleton
   472 | D:1      | Gained mutation: Your movements are slightly less encumbered by armour. (ER -2) [demonic ancestry]
   472 | D:1      | Reached XP level 2. HP: 17/19 MP: 2/5
   863 | D:1      | Quit the game

Skill      XL: |  1  2 |
---------------+-------+-----
Spellcasting   | 3 |  3.1
Dodging        | |  1.7
Stealth        | |  1.7
Necromancy     | |  4.3

Action                   || total
-------------------------++-------
Melee: Unarmed           ||     7
       Short sword       ||     2
 Cast: Pain              ||    32
       Animate Skeleton  ||     3
  Use: Scroll            ||     3
Armor: Robe              ||     9
Dodge: Dodged            ||    18
